[Event "Werder IM-Turnier 2018"]
[Site "Bremen"]
[Date "2018.06.24"]
[Round "9"]
[White "Grabarczyk, Miroslaw"]
[Black "Grigorian, Spartak"]
[Result "1/2-1/2"]
[ECO "D38"]
[WhiteElo "2402"]
[BlackElo "2359"]
[Annotator "NA"]
[PlyCount "41"]
[EventDate "2018.06.23"]
[EventType "tourn"]
[EventCountry "GER"]
[SourceTitle "playchess.com"]
[Source "ChessBase"]
[SourceQuality "1"]
[TimeControl "40/5400+30:1800+30"]

1. d4 Nf6 2. c4 e6 3. Nf3 d5 4. Nc3 Bb4 5. cxd5 exd5 6. Qa4+ Nc6 7. Bg5 h6 8. Bxf6 Qxf6 9. e3 O-O 10. Be2 a6 11. O-O Be6 12. Rac1 {[%emt 0:10:58] LiveBook: 55 Games} Bd6 $11 13. Rfd1 Ne7 14. Qc2 Bf5 15. Qd2 Rfe8 16. a3 Rad8 17. b4 Be4 18. Qe1 Ng6 19. Nxe4 Rxe4 20. g3 Nf8 21. a4 1/2-1/2

[Event "Werder IM-Turnier 2018"]
[Site "Bremen"]
[Date "2018.06.24"]
[Round "9"]
[White "Skliarov, Viktor"]
[Black "Reuker, Jari"]
[Result "1/2-1/2"]
[ECO "C68"]
[WhiteElo "2359"]
[BlackElo "2389"]
[Annotator "ChessBase"]
[PlyCount "84"]
[EventDate "2018.06.23"]
[EventType "tourn"]
[EventCountry "GER"]
[SourceTitle "playchess.com"]
[Source "ChessBase"]
[SourceQuality "1"]
[TimeControl "40/5400+30:1800+30"]

1. e4 e5 2. Nf3 Nc6 3. Bb5 a6 4. Bxc6 dxc6 5. O-O Qf6 6. d4 exd4 7. Bg5 Qd6 8. Nxd4 Be7 9. Be3 Nh6 10. h3 g5 11. Qh5 Qg6 12. Qxg6 hxg6 13. f3 Bd7 14. Nc3 O-O-O 15. Rad1 b6 16. Bf2 Rhe8 17. Rfe1 Bd6 18. Nde2 Kb7 19. Nc1 f6 20. Nd3 Nf7 21. Bd4 Re6 22. Bxf6 Rxf6 23. e5 Re6 24. exd6 cxd6 25. Rxe6 Bxe6 26. Re1 Re8 27. Kf2 Kc7 28. b3 d5 29. g4 Kd6 30. Na4 Rb8 31. Kg3 c5 32. c3 Bd7 33. Nab2 a5 34. c4 Re8 35. cxd5 Rxe1 36. Nc4+ Kxd5 37. Nxe1 b5 38. Nxa5 Kd4 39. f4 gxf4+ 40. Kxf4 g5+ 41. Kg3 Ne5 42. a3 Be6 1/2-1/2

[Event "Werder IM-Turnier 2018"]
[Site "Bremen"]
[Date "2018.06.24"]
[Round "9"]
[White "Osmanodja, Filiz"]
[Black "Molchanov, Oleksii"]
[Result "1/2-1/2"]
[ECO "C67"]
[WhiteElo "2352"]
[BlackElo "2350"]
[Annotator "ChessBase"]
[PlyCount "40"]
[EventDate "2018.06.23"]
[EventType "tourn"]
[EventCountry "GER"]
[SourceTitle "playchess.com"]
[Source "ChessBase"]
[SourceQuality "1"]
[TimeControl "40/5400+30:1800+30"]

1. e4 e5 2. Nf3 Nc6 3. Bb5 Nf6 4. O-O Nxe4 5. Re1 Nd6 6. Nxe5 Be7 7. Bf1 Nxe5 8. Rxe5 O-O 9. d4 Bf6 10. Re1 Re8 11. c3 Rxe1 12. Qxe1 Qe8 13. Qxe8+ Nxe8 14. Bf4 d5 15. Nd2 c6 16. Re1 Bd7 17. Nf3 g6 18. Bd3 Ng7 19. Kf1 Re8 20. Rxe8+ Nxe8 1/2-1/2

[Event "Werder IM-Turnier 2018"]
[Site "Bremen"]
[Date "2018.06.24"]
[Round "9"]
[White "Charmeteau, Sven"]
[Black "Kardoeus, David"]
[Result "1-0"]
[ECO "B94"]
[WhiteElo "2287"]
[BlackElo "2226"]
[Annotator "NA"]
[PlyCount "95"]
[EventDate "2018.06.23"]
[EventType "tourn"]
[EventCountry "GER"]
[SourceTitle "playchess.com"]
[Source "ChessBase"]
[SourceQuality "1"]
[TimeControl "40/5400+30:1800+30"]

1. e4 c5 2. Nf3 d6 3. d4 cxd4 4. Nxd4 Nf6 5. Nc3 $11 {[%emt 0:00:00] LiveBook: 98473 Games} a6 6. Bg5 Nbd7 7. Qe2 h6 8. Bh4 g6 9. f4 e5 10. O-O-O exd4 11. e5 dxc3 12. exf6+ Ne5 13. fxe5 Be6 14. Be1 Qa5 15. Bxc3 Qxa2 16. Rd4 h5 17. Kd2 Bh6+ 18. Ke1 dxe5 19. Re4 Rd8 20. Kf2 O-O 21. h3 Bg5 22. b3 Rc8 23. Ra4 Qxa4 24. bxa4 Rxc3 25. Qxe5 Bh4+ 26. Kg1 Rfc8 27. Bd3 R8c5 28. Qd4 Bg5 29. Kh2 Rc8 30. h4 Bh6 31. Rb1 R3c7 32. Qe5 Rc5 33. Qg3 Bf5 34. Rxb7 Bxd3 35. Qxd3 Bf4+ 36. Kg1 Rxc2 37. Rb3 Rd2 38. Qf1 Be5 39. Rd3 Rdc2 40. Rd1 Ra2 41. Qxa6 Rcc2 42. Qa8+ Kh7 43. Qd5 Rxg2+ 44. Qxg2 Rxg2+ 45. Kxg2 Bxf6 46. a5 Bxh4 47. a6 Bf2 48. Kxf2 1-0